AoeStats
← LV

Arena

507876753Analyzed
4v4 RM · 13d ago on Sep 20, 2026· 35m 36s· 8 players
Game mode
Random Map
Map size
Large (8 player)
Population
200
Speed
Normal
Resources
Standard
Victory
Conquest
Starting age
Dark Age
Ending age
Imperial Age
RankedLock teamsTeams togetherTeam positionsShared explorationLock speedFull tech treeHidden civsTurbo modeCheats
Victory
Defeat
🇨🇳 Burgundians · China
1279
+17
🇨🇦 Portuguese · Canada
1279
+17
🇺🇸 Slavs · United States
1267
+17
🇬🇹 Koreans · Guatemala
1245
+18
🇲🇽 Burgundians · Mexico
1303
-19
🇯🇵 Wu · Japan
1292
-17
🇲🇽 Chinese · Mexico
1290
-17
🇹🇼 Aztecs · Taiwan
1272
-16
edilou
10:00 Feudal Age
14:04 Castle Age
12:22 Double-Bit Axe
12:42 Loom
12:57 Horse Collar
19:54 Bow Saw
22:46 Wheelbarrow
22:25 Gold Mining
26:01 Stone Mining
30:32 Imperial Age
29:42 Fletching
30:34 Padded Archer Armor
30:29 Bodkin Arrow
33:13 Chemistry
33:02 Leather Archer Armor
34:42 Hand Cart
36:00 Two-Man Saw
35:03 Heavy Plow
36:02 Bracer
36:32 Ring Archer Armor
Dancing Doggo
10:28 Feudal Age
14:10 Castle Age
12:08 Double-Bit Axe
15:15 Bow Saw
17:41 Loom
19:33 Wheelbarrow
21:21 Scale Barding Armor
21:29 Light Cavalry
23:12 Horse Collar
25:05 Bloodlines
24:55 Husbandry
25:24 Forging
26:47 Chain Barding Armor
27:02 Iron Casting
32:57 Imperial Age
32:58 Cavalier
33:13 Capped Ram
34:30 Plate Barding Armor
34:13 Detinets
34:11 Siege Ram
LV
3:54 Double-Bit Axe
7:14 Horse Collar
11:06 Feudal Age
15:29 Castle Age
13:41 Bow Saw
13:56 Heavy Plow
14:51 Gold Mining
17:26 Two-Man Saw
17:06 Forging
19:04 Gold Shaft Mining
18:50 Light Cavalry
19:33 Husbandry
19:39 Loom
20:41 Wheelbarrow
22:41 Scale Barding Armor
22:19 Cavalier
23:44 Forging
24:36 Chain Barding Armor
26:31 Iron Casting
26:45 Hand Cart
27:37 Crop Rotation
27:28 Stone Mining
33:36 Imperial Age
34:09 Burgundian Vineyards
33:46 Paladin
35:03 Plate Barding Armor
35:17 Stone Shaft Mining
35:46 Blast Furnace
37:10 Chemistry
36:04 Fletching
Cherry wavessss
11:57 Feudal Age
16:09 Castle Age
14:26 Double-Bit Axe
15:06 Horse Collar
17:46 Bow Saw
17:31 Fletching
18:20 Bodkin Arrow
19:30 Loom
34:59 Wheelbarrow
34:10 Town Watch
TheFireKnight
4:48 Double-Bit Axe
6:27 Horse Collar
8:22 Loom
11:14 Feudal Age
14:55 Castle Age
13:18 Bow Saw
13:23 Heavy Plow
15:21 Loom
16:24 Wheelbarrow
16:51 Two-Man Saw
17:43 Gold Mining
18:48 Redemption
20:48 Sanctity
22:03 Gold Shaft Mining
23:28 Fervor
23:49 Hand Cart
23:22 Town Watch
23:50 Stone Mining
26:28 Stone Shaft Mining
26:36 Town Patrol
31:53 Imperial Age
29:03 Cavalier
30:03 Husbandry
30:39 Scale Barding Armor
31:58 Chain Barding Armor
31:49 Forging
32:19 Paladin
34:02 Plate Barding Armor
34:13 Conscription
35:45 Fletching
36:45 Iron Casting
Eduardo
0:29 Loom
10:04 Feudal Age
11:55 Wheelbarrow
14:40 Castle Age
13:15 Double-Bit Axe
13:14 Horse Collar
24:42 Forging
26:22 Scale Barding Armor
30:46 Imperial Age
28:12 Fletching
28:23 Padded Archer Armor
28:04 Crossbowman
29:03 Pikeman
31:00 Bodkin Arrow
31:20 Leather Archer Armor
31:11 Squires
30:57 Arson
cupubangetz
10:35 Feudal Age
11:04 Double-Bit Axe
11:02 Horse Collar
12:38 Loom
15:43 Castle Age
13:50 Gold Mining
13:30 Man-at-Arms
14:36 Arson
14:55 Scale Mail Armor
18:09 Squires
19:19 Bow Saw
19:31 Heavy Plow
22:25 Stone Mining
24:22 Gold Shaft Mining
25:01 Bloodlines
24:51 Husbandry
26:57 Stone Shaft Mining
31:09 Wheelbarrow
R
10:50 Feudal Age
12:07 Loom
14:42 Castle Age
13:26 Double-Bit Axe
14:06 Gold Mining
19:40 Redemption
20:21 Sanctity
30:41 Horse Collar
Connection lost

Rejoining the realm…

Still unreachable

The connection could not be restored.

Session expired

The server has moved on; the page needs a fresh start.